 Dungeon Crawl Stone Soup version 0.21-a0-91-ga5031da (webtiles) character file.

438 Gorglomux the Chiller (level 7, -2/50 HPs)
             Began as a Ghoul Ice Elementalist on June 30, 2017.
             Splashed by a jelly's acid (10 damage)
             ... on level 5 of the Dungeon.
             The game lasted 00:08:35 (5299 turns).

Gorglomux the Chiller (Ghoul Ice Elementalist)      Turns: 5299, Time: 00:08:36

Health: -2/50      AC: -13   Str: 14    XL:     7   Next: 1%
Magic:  7/10       EV: 12    Int: 10    God:
Gold:   148        SH:  0    Dex:  9    Spells: 8/12 levels left

rFire    . . .     SeeInvis .     - Unarmed
rCold    + . .     Gourm    .   (no shield)
rNeg     + + +     Faith    .   a - +0 robe
rPois    ∞         Spirit   .   M - +0 helmet
rElec    .         Reflect  .   (no cloak)
rCorr    .         Harm     .   (no gloves)
MR       .....                  (no boots)
Stlth    ++........             (no amulet)
HPRegen  0.00/turn              (no ring)
MPRegen  0.12/turn              (no ring)

@: corroded, rotting
A: rotting body, claws 1, carnivore 3, cold resistance 1, negative energy
resistance 3, inhibited regeneration, torment resistance, unbreathing
a: no special abilities


You were on level 5 of the Dungeon.
You were not hungry.

You visited 1 branch of the dungeon, and saw 5 of its levels.

You collected 148 gold pieces.

Inventory:

Armour
 a - a +0 robe (worn)
 M - a +0 helmet (worn)
 T - a cursed +0 buckler
Jewellery
 X - an uncursed ring of protection from cold {unknown}
 Z - an uncursed amulet of the gourmand {unknown}
Scrolls
 F - 2 scrolls of blinking {unknown}
 I - a scroll of remove curse {unknown}
 J - 3 scrolls of immolation {unknown}
 O - a scroll of enchant weapon {unknown}
 P - a scroll of teleportation {unknown}
 R - 3 scrolls of identify
 U - a scroll of amnesia {unknown}
 W - a scroll of fear {unknown}
Potions
 B - a potion of might {unknown}
 C - a potion of agility {unknown}
 D - 3 potions of curing {unknown}
 E - 5 potions of heal wounds
 G - 3 potions of degeneration {unknown}
 L - a potion of flight {unknown}
 Q - 4 potions of mutation {unknown}
 V - a potion of lignification {unknown}
 Y - 3 potions of brilliance {unknown}
Books
 b - a book of Frost

   Spells                             Type                      Level
   a - Freeze                         Ice                          1
   b - Throw Frost                    Conjuration/Ice              2
   c - Ozocubu's Armour               Charms/Ice                   3
   d - Throw Icicle                   Conjuration/Ice              4
   e - Summon Ice Beast               Ice/Summoning                4
Comestibles
 z - 3 meat rations
 N - a royal jelly


   Skills:
 - Level 1.7 Dodging
 - Level 2.1 Stealth
 + Level 3.5 Unarmed Combat
 + Level 3.3 Spellcasting
   Level 0.7 Conjurations
 + Level 2.4 Charms
 + Level 5.4 Ice Magic


You had 8 spell levels left.
You knew the following spells:

 Your Spells              Type           Power        Failure   Level  Hunger
a - Freeze                Ice            ##..         3%          1    #......
h - Ozocubu's Armour      Chrm/Ice       #.......     16%         3    ###....


Dungeon Overview and Level Annotations

Branches:
Dungeon (5/15)
 Temple: D:4-7

Altars:
Fedhas
Hepliaklqana

Annotations:
D:4 HAL9000's ghost, novice VSAs


Innate Abilities, Weirdness & Mutations

Your body is rotting away.
You thrive on raw meat.
You are immune to poison.
You have sharp fingernails.
You are carnivorous and can eat meat at any time.
Your flesh is cold resistant. (rC+)
You are immune to negative energy. (rN+++)
You do not regenerate when monsters are visible.
You are immune to unholy pain and torment.
You can survive without breathing.


Message History

Confirm with . or Enter, or press ? or * to list all spells.
Aiming: Freeze
Press: ? - help, Shift-Dir - straight line, f/p - jelly
Aim: a jelly (heavily wounded)
You freeze the jelly.
The jelly is severely wounded.
The jelly hits you. The acid corrodes you!
You are splashed with acid!
The acid burns!
* * * LOW HITPOINT WARNING * * *
Casting: Freeze
Confirm with . or Enter, or press ? or * to list all spells.
Aiming: Freeze
Press: ? - help, Shift-Dir - straight line, f/p - jelly
Aim: a jelly (severely wounded)
You freeze the jelly.
The jelly is almost dead.
The jelly hits you.
* * * LOW HITPOINT WARNING * * *
The acid corrodes you!
You are splashed with acid!
The acid burns!
You die...

#.......# ..... #
#.......# #..<...
#......## #........
##.....# #.........
#.....# ##.........#
##....##
#..........#
#.....###..........#
#
###................#
# ###....@.....5..#
# ##....J.......# #
###..........# #
##........## #
##.......## #.
###......## .. ###
###.....### ..#
##..# ##......#..#
#....# ###...>..#


You could see a jelly and a crimson imp.

Vanquished Creatures
  An ogre (D:5)
  2 orc wizards
  An iguana (D:4)
  5 worker ants
  6 adders
  2 oozes (D:1)
  3 worms
  3 dart slugs
  2 leopard geckos
  12 orcs
  3 giant cockroaches
  5 goblins
  8 hobgoblins
  6 jackals
  2 quokkas (D:4)
  5 bats
  6 frilled lizards
  5 kobolds (D:1)
  2 rats
79 creatures vanquished.

Notes
Turn   | Place    | Note
-------+----------+-------------------------------------------
     0 | D:1      | Gorglomux the Ghoul Ice Elementalist began the quest for the Orb.
     0 | D:1      | Reached XP level 1. HP: 14/14 MP: 2/2
   413 | D:1      | Reached XP level 2. HP: 15/20 MP: 0/3
   956 | D:1      | Reached skill level 1 in Unarmed Combat
   956 | D:1      | Reached skill level 4 in Ice Magic
   958 | D:1      | Reached XP level 3. HP: 20/25 MP: 0/5
  1166 | D:1      | Learned a level 3 spell: Ozocubu's Armour
  1897 | D:2      | Found a faded altar of an unknown god.
  1959 | D:2      | Reached XP level 4. HP: 19/33 MP: 0/6
  2462 | D:3      | Found a blossoming altar of Fedhas.
  2467 | D:3      | Reached skill level 1 in Charms
  3130 | D:3      | Found a hazy altar of Hepliaklqana.
  3434 | D:4      | Noticed HAL9000's ghost (novice VSAs)
  3733 | D:3      | Reached XP level 5. HP: 33/37 MP: 3/7
  3812 | D:4      | Noticed a phantom
  4477 | D:4      | Reached XP level 6. HP: 40/43 MP: 3/9
  4517 | D:4      | Reached skill level 5 in Ice Magic
  4538 | D:4      | Reached skill level 3 in Unarmed Combat
  4538 | D:4      | Reached skill level 3 in Spellcasting
  4842 | D:5      | Entered Level 5 of the Dungeon
  5093 | D:5      | Reached XP level 7. HP: 24/50 MP: 1/10
  5299 | D:5      | Splashed by a jelly's acid

Vault maps used:
D:1:      ncdulo_smallfort
D:2:      chequers_ecumenical_altar_simple
D:3:      old_standard_altar, fedhas_altar_1
D:5:      basic_altar, first_bread

Skill      XL: |  1  2  3  4  5  6 |
---------------+-------------------+-----
Unarmed Combat | 1 2 3 |  3.5
Spellcasting   | 2 3 |  3.3
Ice Magic      | 4 5 |  5.4
Charms         | 1 2 |  2.4
Dodging        | |  1.7
Stealth        | |  2.1
Conjurations   | |  0.7

Action                   |  1- 3 |  4- 6 |  7- 9 || total
-------------------------+-------+-------+-------++-------
Melee: Unarmed           |    66 |   131 |       ||   197
       Punch             |       |     2 |       ||     2
 Cast: Freeze            |    45 |    90 |     6 ||   141
       Ozocubu's Armour  |       |     6 |       ||     6
  Use: Scroll            |       |     1 |       ||     1
 Stab: Sleeping          |     1 |     2 |       ||     3
  Eat: Chunk             |     4 |    15 |       ||    19
Armor: Robe              |    16 |    46 |       ||    62
Dodge: Dodged            |    74 |   109 |     1 ||   184
